[Event "36th German Seniors-ch-65 2024"]
[Site "Bad Wildungen"]
[Date "2024.08.25"]
[Round "2.1"]
[White "Ellenberg, Ekkehard"]
[Black "Chevelevitch, Evgueni"]
[Result "0-1"]
[ECO "C78"]
[WhiteElo "1998"]
[BlackElo "2334"]
[Annotator "RC"]
[PlyCount "118"]
[EventDate "2024.08.22"]
[EventType "swiss"]
[EventCountry "GER"]
[SourceTitle "playchess.com"]
[Source "ChessBase"]
[SourceQuality "1"]
[TimeControl "40/5400+30:1800+30"]

1. e4 e5 2. Nf3 Nc6 3. Bb5 a6 4. Ba4 Nf6 5. d3 b5 6. Bb3 Bc5 7. O-O O-O 8. c3 d6 9. h3 h6 10. Re1 Bb6 11. a4 Bd7 12. Bc2 Ne7 13. d4 Ng6 14. Be3 c5 15. dxe5 dxe5 16. axb5 axb5 17. Rxa8 Qxa8 18. Qd6 Qc6 19. Rd1 Ra8 20. Na3 Qxd6 21. Rxd6 Bc7 22. Rd1 c4 23. Bc5 Bc6 24. Bd6 Bxd6 25. Rxd6 Rc8 26. Rd2 Kf8 27. Ne1 Ke7 28. f3 h5 29. Kf2 h4 30. Bd1 Nf4 31. Be2 Nd7 32. Nac2 Nc5 33. Nb4 Bd7 34. Nec2 f6 35. Ne3 Be6 36. Bf1 Na4 37. Ke1 Ke8 38. Kd1 Rd8 39. Rxd8+ Kxd8 40. Kc2 Ke7 41. Nbd5+ Bxd5 42. exd5 Nc5 43. Nf5+ Kf8 44. Nd6 Nxd5 45. Kd2 Nc7 46. Nxc4 bxc4 47. Bxc4 Ke7 48. b4 N5e6 49. b5 Na8 50. Ke3 Nf4 51. Bf1 Nb6 52. Kf2 Nh5 53. Ke3 Kd6 54. c4 Kc5 55. Kf2 Kd4 56. c5 Kxc5 57. Bd3 Nd5 58. Bg6 Ng3 59. Bf7 g5 0-1

[Event "36th German Seniors-ch-65 2024"]
[Site "Bad Wildungen"]
[Date "2024.08.25"]
[Round "2.3"]
[White "Juhnke, Juergen"]
[Black "Roettinger, Eugen"]
[Result "1-0"]
[ECO "A40"]
[WhiteElo "2259"]
[BlackElo "1990"]
[Annotator "RC"]
[PlyCount "58"]
[EventDate "2024.08.22"]
[EventType "swiss"]
[EventCountry "GER"]
[SourceTitle "playchess.com"]
[Source "ChessBase"]
[SourceQuality "1"]
[TimeControl "40/5400+30:1800+30"]

1. e4 c5 2. Nf3 Nc6 3. d4 cxd4 4. Nxd4 Qb6 5. Nb3 g6 6. c4 Bg7 7. Nc3 Bxc3+ 8. bxc3 Nf6 9. f3 d6 10. c5 dxc5 11. Be3 O-O 12. Bxc5 Qc7 13. Be2 Nh5 14. O-O Nf4 15. Be3 Rd8 16. Qe1 Nxe2+ 17. Qxe2 Na5 18. Rfd1 Nxb3 19. axb3 a6 20. Rxd8+ Qxd8 21. Rd1 Qc7 22. Qd3 Be6 23. c4 Rc8 24. f4 Bg4 25. Rd2 e5 26. f5 gxf5 27. exf5 Qc6 28. h3 e4 29. Qf1 Rb8 1-0

[Event "36th German Seniors-ch-65 2024"]
[Site "Bad Wildungen"]
[Date "2024.08.25"]
[Round "2.5"]
[White "Rosen, Bernd"]
[Black "Scharping, Hans-Martin"]
[Result "1-0"]
[ECO "A30"]
[WhiteElo "2245"]
[BlackElo "1978"]
[Annotator "RC"]
[PlyCount "89"]
[EventDate "2024.08.22"]
[EventType "swiss"]
[EventCountry "GER"]
[SourceTitle "playchess.com"]
[Source "ChessBase"]
[SourceQuality "1"]
[TimeControl "40/5400+30:1800+30"]

1. c4 e6 2. g3 d5 3. Bg2 c5 4. Nf3 d4 5. b4 cxb4 6. a3 Nc6 7. O-O Nf6 8. d3 Be7 9. axb4 Bxb4 10. Ba3 Bxa3 11. Nxa3 O-O 12. Qb3 Rb8 13. Nd2 Bd7 14. Nb5 Qe7 15. Nxa7 Rfd8 16. Rfb1 Qc5 17. Qb6 Qxb6 18. Rxb6 Kf8 19. Nb3 Ra8 20. Rxb7 Rxa7 21. Raxa7 Nxa7 22. Rxa7 Rb8 23. Rb7 Rxb7 24. Bxb7 e5 25. f4 exf4 26. gxf4 Nh5 27. Nxd4 Nxf4 28. c5 Bg4 29. c6 Nd5 30. Nb5 Bxe2 31. c7 Nxc7 32. Nxc7 Bxd3 33. Kf2 g5 34. Ke3 Bf1 35. Be4 h6 36. Kd4 f6 37. Nd5 Kf7 38. Ne3 Ba6 39. Bf5 Bb7 40. Kc5 Bf3 41. Kd6 h5 42. Bd7 g4 43. Bf5 Be2 44. Ng2 Bc4 45. Nf4 1-0

[Event "36th German Seniors-ch-65 2024"]
[Site "Bad Wildungen"]
[Date "2024.08.25"]
[Round "2.6"]
[White "Vasiljev, Jurij"]
[Black "Buchal, Stephan"]
[Result "0-1"]
[ECO "E62"]
[WhiteElo "1993"]
[BlackElo "2215"]
[Annotator "RC"]
[PlyCount "130"]
[EventDate "2024.08.22"]
[EventType "swiss"]
[EventCountry "GER"]
[SourceTitle "playchess.com"]
[Source "ChessBase"]
[SourceQuality "1"]
[TimeControl "40/5400+30:1800+30"]

1. d4 d6 2. c4 g6 3. g3 Bg7 4. Nf3 Nf6 5. Bg2 O-O 6. O-O Nc6 7. Nc3 e5 8. dxe5 Nxe5 9. Nxe5 dxe5 10. Bg5 Qxd1 11. Raxd1 h6 12. Bxf6 Bxf6 13. Nd5 Bd8 14. Rd2 Be6 15. b4 c6 16. Ne3 Bg5 17. f4 exf4 18. gxf4 Be7 19. a3 Rfd8 20. Rfd1 Rxd2 21. Rxd2 a5 22. c5 axb4 23. axb4 Ra4 24. Nc2 Bb3 25. Nd4 Rxb4 26. Nxb3 Rxb3 27. Rc2 Rb5 28. Bh3 Bxc5+ 29. Kg2 Bd4 30. Bd7 Kf8 31. Rc4 Bf6 32. e4 Rb2+ 33. Kg3 Rb3+ 34. Kg2 Rb2+ 35. Kg3 Rb3+ 36. Kg2 Ke7 37. Bc8 Rb2+ 38. Kg3 Rb3+ 39. Kg2 Rb2+ 40. Kg3 g5 41. e5 gxf4+ 42. Kxf4 Bg5+ 43. Kg3 Kd8 44. Bg4 Rb3+ 45. Kg2 Rd3 46. Bh5 Re3 47. Bxf7 Rxe5 48. h4 Be3 49. Bg6 Re6 50. h5 b5 51. Re4 Rxe4 52. Bxe4 Kd7 53. Kf3 Bg5 54. Ke2 c5 55. Kd3 Bf6 56. Bd5 Kc7 57. Bf7 Kb6 58. Kc2 c4 59. Bg8 Kc5 60. Bf7 b4 61. Bg8 b3+ 62. Kb1 Kb4 63. Bf7 c3 64. Bg6 Bg5 65. Bf5 Kc5 0-1

[Event "36th German Seniors-ch-65 2024"]
[Site "Bad Wildungen"]
[Date "2024.08.25"]
[Round "2.7"]
[White "Richter, Rainer"]
[Black "Vatter, Hans-Joachim"]
[Result "1/2-1/2"]
[ECO "D02"]
[WhiteElo "1991"]
[BlackElo "2212"]
[Annotator "RC"]
[PlyCount "43"]
[EventDate "2024.08.22"]
[EventType "swiss"]
[EventCountry "GER"]
[SourceTitle "playchess.com"]
[Source "ChessBase"]
[SourceQuality "1"]
[TimeControl "40/5400+30:1800+30"]

1. d4 Nf6 2. Nf3 d5 3. Bf4 c5 4. c3 Nc6 5. e3 Qb6 6. Qb3 c4 7. Qxb6 axb6 8. Na3 Ra5 9. Bc7 e6 10. Nc2 Kd7 11. Bg3 b5 12. a3 Ne4 13. Be2 f6 14. Nd2 Nxg3 15. hxg3 Bd6 16. Bf3 h6 17. O-O f5 18. g4 g6 19. g3 Ke7 20. gxf5 gxf5 21. Kg2 Bd7 22. Rh1 1/2-1/2

[Event "36th German Seniors-ch-65 2024"]
[Site "Bad Wildungen"]
[Date "2024.08.25"]
[Round "2.8"]
[White "Schmidt, Joerg"]
[Black "Behrens, Harald"]
[Result "1/2-1/2"]
[ECO "C11"]
[WhiteElo "1995"]
[BlackElo "2206"]
[Annotator "RC"]
[PlyCount "128"]
[EventDate "2024.08.22"]
[EventType "swiss"]
[EventCountry "GER"]
[SourceTitle "playchess.com"]
[Source "ChessBase"]
[SourceQuality "1"]
[TimeControl "40/5400+30:1800+30"]

1. e4 e6 2. d4 d5 3. Nc3 Nf6 4. e5 Nfd7 5. f4 c5 6. Nf3 a6 7. Be3 Nc6 8. Qd2 b5 9. a3 Bb7 10. Be2 Be7 11. O-O O-O 12. Kh1 Rc8 13. Bd3 cxd4 14. Bxd4 f5 15. Qf2 Nxd4 16. Nxd4 Qb6 17. Nb3 Nc5 18. Nxc5 Bxc5 19. Qg3 Bd4 20. Nd1 Qc6 21. h3 a5 22. Qf3 Kh8 23. c3 Bb6 24. Qe2 b4 25. axb4 axb4 26. cxb4 d4 27. Ba6 Ra8 28. Bxb7 Qxb7 29. Nf2 Qd5 30. Nd3 h6 31. Rxa8 Rxa8 32. Qf3 Qxf3 33. Rxf3 Ra1+ 34. Kh2 Kg8 35. Nc5 Rd1 36. Rd3 Rxd3 37. Nxd3 Kf7 38. g4 Ke7 39. Kg3 fxg4 40. hxg4 g6 41. Kf3 h5 42. Kg3 Kf7 43. Kh4 Bd8+ 44. Kg3 Bb6 45. b5 Bc7 46. b4 Bd8 47. Nc5 Bb6 48. Ne4 d3 49. Nd6+ Kg7 50. Nc4 Kf7 51. Kf3 h4 52. Kg2 Ke7 53. Nb2 d2 54. Nd1 Kd7 55. g5 Bd8 56. Kh3 Be7 57. Kxh4 Kc7 58. Kg3 Kb6 59. Kf3 Kxb5 60. Ke2 Bxb4 61. Ne3 Kc5 62. Ng2 Kd4 63. Nh4 Ke4 64. Nxg6 Kf5 1/2-1/2

[Event "36th German Seniors-ch-65 2024"]
[Site "Bad Wildungen"]
[Date "2024.08.25"]
[Round "2.9"]
[White "Okrajek, Alexander"]
[Black "Eichner, Christian"]
[Result "1-0"]
[ECO "A34"]
[WhiteElo "2172"]
[BlackElo "1972"]
[Annotator "RC"]
[PlyCount "66"]
[EventDate "2024.08.22"]
[EventType "swiss"]
[EventCountry "GER"]
[SourceTitle "playchess.com"]
[Source "ChessBase"]
[SourceQuality "1"]
[TimeControl "40/5400+30:1800+30"]

1. Nf3 g6 2. c4 Bg7 3. Nc3 Nf6 4. g3 O-O 5. Bg2 d5 6. cxd5 Nxd5 7. O-O c5 8. Qb3 Nb4 9. a3 Be6 10. Qa4 Bd7 11. Qd1 Qa5 12. d3 Bc6 13. Bd2 N4a6 14. Qc1 Qc7 15. Bh6 Nd7 16. Bxg7 Kxg7 17. Qc2 Ne5 18. Ne4 Bxe4 19. dxe4 Rfd8 20. Rac1 Rac8 21. Qc3 f6 22. Bh3 Nxf3+ 23. exf3 Rb8 24. b4 Qd6 25. bxc5 Qd3 26. Rfe1 Rd4 27. Re3 Qxc3 28. Rexc3 Rbd8 29. Bf1 Nb8 30. Rb3 R8d7 31. Rcb1 b6 32. cxb6 axb6 33. Rxb6 Nc6 1-0

[Event "36th German Seniors-ch-65 2024"]
[Site "Bad Wildungen"]
[Date "2024.08.25"]
[Round "2.10"]
[White "Byhan, Gert"]
[Black "Podat, Vladimir"]
[Result "0-1"]
[ECO "B20"]
[WhiteElo "1975"]
[BlackElo "2157"]
[Annotator "RC"]
[PlyCount "54"]
[EventDate "2024.08.22"]
[EventType "swiss"]
[EventCountry "GER"]
[SourceTitle "playchess.com"]
[Source "ChessBase"]
[SourceQuality "1"]
[TimeControl "40/5400+30:1800+30"]

1. e4 c5 2. b3 Nc6 3. Bb2 d6 4. Bb5 Bd7 5. Ne2 e6 6. O-O Nf6 7. d3 Be7 8. Nd2 a6 9. Bxc6 Bxc6 10. Ng3 O-O 11. f4 b5 12. Qe2 Nd7 13. e5 g6 14. Kh1 a5 15. c3 a4 16. bxa4 Rxa4 17. exd6 Bxd6 18. Nge4 Be7 19. c4 Qa8 20. a3 bxc4 21. dxc4 Rb8 22. Rfb1 Ra6 23. Qe3 Rab6 24. Qc3 f6 25. Qh3 Bxe4 26. Nxe4 Qxe4 27. Re1 Qf5 0-1

[Event "36th German Seniors-ch-65 2024"]
[Site "Bad Wildungen"]
[Date "2024.08.25"]
[Round "2.11"]
[White "Gruzmann, Boris"]
[Black "Wild, Helmut"]
[Result "1-0"]
[ECO "B12"]
[WhiteElo "2167"]
[BlackElo "1971"]
[Annotator "RC"]
[PlyCount "85"]
[EventDate "2024.08.22"]
[EventType "swiss"]
[EventCountry "GER"]
[SourceTitle "playchess.com"]
[Source "ChessBase"]
[SourceQuality "1"]
[TimeControl "40/5400+30:1800+30"]

1. e4 c6 2. d4 d5 3. e5 Bf5 4. Nd2 e6 5. Nb3 Nd7 6. Nf3 a6 7. Be3 Rc8 8. Bd3 Ne7 9. O-O Bxd3 10. Qxd3 Nf5 11. Bg5 Be7 12. Bxe7 Nxe7 13. Qc3 b6 14. Qd3 Nb8 15. Nbd2 c5 16. c4 O-O 17. dxc5 bxc5 18. Rad1 Qb6 19. Ra1 Qd8 20. Rad1 Qb6 21. Ng5 g6 22. Qh3 h5 23. g4 Kg7 24. Qf3 f6 25. exf6+ Rxf6 26. Qe2 hxg4 27. Rfe1 Rc6 28. cxd5 Nxd5 29. Nc4 Nf4 30. Qxg4 Qc7 31. Ne4 Rf8 32. Ned6 Nd7 33. Re4 Nf6 34. Qxf4 Nxe4 35. Qxe4 Rh8 36. Qe5+ Kg8 37. Qxe6+ Kg7 38. Ne8+ Rxe8 39. Qxe8 Qc8 40. Rd7+ Kh6 41. Qe3+ g5 42. Qh3+ Kg6 43. Qh7+ 1-0

[Event "36th German Seniors-ch-65 2024"]
[Site "Bad Wildungen"]
[Date "2024.08.25"]
[Round "2.12"]
[White "Kalwa, Norbert"]
[Black "Babrikowski, Peter"]
[Result "1-0"]
[ECO "A14"]
[WhiteElo "1971"]
[BlackElo "2153"]
[Annotator "ChessBase"]
[PlyCount "71"]
[EventDate "2024.08.22"]
[EventType "swiss"]
[EventCountry "GER"]
[SourceTitle "playchess.com"]
[Source "ChessBase"]
[SourceQuality "1"]
[TimeControl "40/5400+30:1800+30"]

1. Nf3 Nf6 2. c4 c5 3. b3 e6 4. Bb2 d5 5. g3 b6 6. Bg2 Bb7 7. O-O Be7 8. e3 O-O 9. Nc3 Nc6 10. cxd5 Nxd5 11. Nxd5 exd5 12. d4 Bf6 13. Qd2 Qe7 14. Rfd1 Rfd8 15. Rac1 cxd4 16. Nxd4 Rac8 17. Bh3 Nxd4 18. Bxd4 Rc6 19. Rxc6 Bxc6 20. Qc3 Bxd4 21. Rxd4 Qc5 22. Qd2 Qa5 23. b4 Qa4 24. e4 Re8 25. exd5 Bd7 26. b5 Qxd4 27. Qxd4 Bxh3 28. Qd2 g6 29. f3 h5 30. Kf2 Bd7 31. a4 Rc8 32. Qf4 Rc2+ 33. Ke3 Bf5 34. Qb8+ Kg7 35. Qxa7 Rc3+ 36. Kf4 1-0

[Event "36th German Seniors-ch-65 2024"]
[Site "Bad Wildungen"]
[Date "2024.08.25"]
[Round "2.13"]
[White "Kaeding, Rainer"]
[Black "Paus, Franz"]
[Result "1-0"]
[ECO "B07"]
[WhiteElo "2116"]
[BlackElo "1968"]
[Annotator "RC"]
[PlyCount "69"]
[EventDate "2024.08.22"]
[EventType "swiss"]
[EventCountry "GER"]
[SourceTitle "playchess.com"]
[Source "ChessBase"]
[SourceQuality "1"]
[TimeControl "40/5400+30:1800+30"]

1. e4 d6 2. d4 g6 3. Nc3 Bg7 4. g3 c6 5. Bg2 Nf6 6. a4 a5 7. Nge2 O-O 8. O-O Na6 9. h3 Rb8 10. Be3 Bd7 11. Qd2 Nb4 12. Rad1 d5 13. e5 Ne8 14. f4 Bf5 15. Rc1 h5 16. Kh2 Qc8 17. Nd1 Nc7 18. Nf2 Rd8 19. c3 Nba6 20. Bf3 Bd7 21. g4 hxg4 22. hxg4 f5 23. exf6 exf6 24. Kg3 Kf7 25. Nd3 Rh8 26. Rh1 Rxh1 27. Rxh1 Qd8 28. g5 f5 29. Ne5+ Bxe5 30. dxe5 Ne6 31. Rh7+ Kg8 32. Rh6 Kg7 33. Nd4 Nxd4 34. Bxd4 Be6 35. Bh5 1-0

[Event "36th German Seniors-ch-65 2024"]
[Site "Bad Wildungen"]
[Date "2024.08.25"]
[Round "2.14"]
[White "Schaefer, Martin"]
[Black "Namyslo, Holger"]
[Result "0-1"]
[ECO "D20"]
[WhiteElo "1982"]
[BlackElo "2140"]
[Annotator "RC"]
[PlyCount "130"]
[EventDate "2024.08.22"]
[EventType "swiss"]
[EventCountry "GER"]
[SourceTitle "playchess.com"]
[Source "ChessBase"]
[SourceQuality "1"]
[TimeControl "40/5400+30:1800+30"]

1. d4 d5 2. c4 dxc4 3. e4 b5 4. a4 c6 5. b3 e5 6. d5 Bb4+ 7. Bd2 Bxd2+ 8. Qxd2 cxd5 9. bxc4 bxc4 10. Qxd5 Qxd5 11. exd5 Ba6 12. Nf3 e4 13. Nfd2 Nf6 14. Nc3 O-O 15. Rd1 Nbd7 16. Be2 Rfe8 17. Bxc4 Bxc4 18. Nxc4 Rac8 19. Rd4 Nb6 20. Nxb6 Rxc3 21. Kd2 Rc5 22. Nc4 Rxd5 23. Rxd5 Nxd5 24. Rb1 g6 25. Rb7 Re7 26. Rb5 Nf6 27. h3 Rd7+ 28. Ke2 Nd5 29. Rb8+ Kg7 30. g3 Nc3+ 31. Kf1 Nxa4 32. Ne5 Rc7 33. Rb4 Nc3 34. Ke1 f5 35. Rd4 Kf6 36. Nd7+ Ke6 37. Nb8 Nd5 38. Ra4 Nb6 39. Ra1 g5 40. Na6 Rc4 41. Ra5 Rc1+ 42. Ke2 Rc2+ 43. Ke1 Nc8 44. Nc5+ Kf7 45. Nb3 Rb2 46. Nd4 f4 47. gxf4 gxf4 48. Rf5+ Kg6 49. Rxf4 Nd6 50. Kf1 a5 51. Rf8 Nc4 52. Ra8 Ra2 53. Ra6+ Kg5 54. Ne6+ Kf5 55. Nc5 Ne5 56. Rh6 Nd3 57. Nxd3 exd3 58. Ke1 Re2+ 59. Kd1 Rxf2 60. Rxh7 Ra2 61. Re7 a4 62. Re3 d2 63. h4 a3 64. Re8 Ra1+ 65. Kxd2 a2 0-1

[Event "36th German Seniors-ch-65 2024"]
[Site "Bad Wildungen"]
[Date "2024.08.25"]
[Round "2.15"]
[White "Barten, Ralf"]
[Black "Hassenrueck, Helmut"]
[Result "1-0"]
[ECO "E03"]
[WhiteElo "1966"]
[BlackElo "2136"]
[Annotator "RC"]
[PlyCount "70"]
[EventDate "2024.08.22"]
[EventType "swiss"]
[EventCountry "GER"]
[SourceTitle "playchess.com"]
[Source "ChessBase"]
[SourceQuality "1"]
[TimeControl "40/5400+30:1800+30"]

1. Nf3 Nf6 2. c4 e6 3. g3 d5 4. d4 dxc4 5. Qa4+ Nbd7 6. Qxc4 a6 7. Bg2 b5 8. Qc2 Bb7 9. O-O c5 10. Nc3 Rc8 11. Qd1 Be7 12. dxc5 Bxc5 13. Bf4 Qe7 14. Ne5 Bxg2 15. Kxg2 Nxe5 16. Bxe5 O-O 17. e3 Rfd8 18. Bxf6 Qxf6 19. Qb3 Qe7 20. Rfd1 b4 21. Na4 Qb7+ 22. Kg1 Be7 23. Rxd8+ Rxd8 24. Rd1 Rc8 25. Qd3 g6 26. b3 Bf6 27. Qe2 h5 28. h4 Qb5 29. Rd2 Rc1+ 30. Kg2 Qf5 31. e4 Qe5 32. Nb2 Qc3 33. Nd3 Bd4 34. Nxc1 Bf6 35. Nd3 Bd4 1-0

[Event "36th German Seniors-ch-65 2024"]
[Site "Bad Wildungen"]
[Date "2024.08.25"]
[Round "2.16"]
[White "Erler, Rainer"]
[Black "Zschunke, Werner"]
[Result "0-1"]
[ECO "B25"]
[WhiteElo "2122"]
[BlackElo "1966"]
[Annotator "RC"]
[PlyCount "61"]
[EventDate "2024.08.22"]
[EventType "swiss"]
[EventCountry "GER"]
[SourceTitle "playchess.com"]
[Source "ChessBase"]
[SourceQuality "1"]
[TimeControl "40/5400+30:1800+30"]

1. e4 c5 2. Nc3 Nc6 3. g3 g6 4. Bg2 Bg7 5. d3 d6 6. Nh3 Nf6 7. O-O O-O 8. f4 Bg4 9. Qd2 Nd4 10. Nf2 Bf3 11. Nfd1 Bxg2 12. Qxg2 Nd7 13. Ne3 e6 14. g4 b5 15. Ncd1 b4 16. c3 bxc3 17. bxc3 Nc6 18. Nc4 Nb6 19. e5 Nxc4 20. Qxc6 Rc8 21. Qe4 Nb6 22. d4 cxd4 23. cxd4 dxe5 24. dxe5 Rc4 25. Qe3 Nd5 26. Qf2 Qc7 27. Nb2 Rc2 28. Qd4 Rd8 29. Nd3 Nxf4 30. Qxf4 Rxd3 31. Qe4 0-1

[Event "36th German Seniors-ch-65 2024"]
[Site "Bad Wildungen"]
[Date "2024.08.25"]
[Round "2.17"]
[White "Schrems, Hermann"]
[Black "Peleikis, Horst"]
[Result "1-0"]
[ECO "E09"]
[WhiteElo "2118"]
[BlackElo "1959"]
[Annotator "RC"]
[PlyCount "85"]
[EventDate "2024.08.22"]
[EventType "swiss"]
[EventCountry "GER"]
[SourceTitle "playchess.com"]
[Source "ChessBase"]
[SourceQuality "1"]
[TimeControl "40/5400+30:1800+30"]

1. d4 Nf6 2. Nf3 e6 3. g3 Be7 4. Bg2 d5 5. O-O Nbd7 6. c4 c6 7. Qc2 O-O 8. Nbd2 Bd6 9. Rd1 Qe7 10. e4 Nxe4 11. Nxe4 dxe4 12. Qxe4 Nf6 13. Qh4 h6 14. Bf4 Ne8 15. Qxe7 Bxe7 16. Rac1 Nf6 17. Ne5 Rd8 18. a3 a5 19. Rd3 g5 20. Be3 Kg7 21. Rcd1 Ra6 22. Bd2 Nd7 23. Bc3 f6 24. Nxd7 Bxd7 25. Re1 Kf7 26. Rde3 Bf8 27. Bf1 Raa8 28. c5 Re8 29. Bc4 f5 30. Re5 f4 31. gxf4 gxf4 32. Rf5+ Ke7 33. Rxf4 Bg7 34. Re3 Rg8 35. Rg3 Bf6 36. d5 Rxg3+ 37. hxg3 Bxc3 38. d6+ Ke8 39. bxc3 Rb8 40. Rf6 b6 41. Rxh6 Kd8 42. Rh8+ Be8 43. Bxe6 1-0

[Event "36th German Seniors-ch-65 2024"]
[Site "Bad Wildungen"]
[Date "2024.08.25"]
[Round "2.18"]
[White "Schulz, Michael"]
[Black "Domsgen, Bernd"]
[Result "1/2-1/2"]
[ECO "A45"]
[WhiteElo "2109"]
[BlackElo "1957"]
[Annotator "RC"]
[PlyCount "152"]
[EventDate "2024.08.22"]
[EventType "swiss"]
[EventCountry "GER"]
[SourceTitle "playchess.com"]
[Source "ChessBase"]
[SourceQuality "1"]
[TimeControl "40/5400+30:1800+30"]

1. d4 Nf6 2. Bg5 c5 3. d5 Ne4 4. Bf4 d6 5. f3 Nf6 6. e4 e5 7. dxe6 Bxe6 8. Nc3 d5 9. Bb5+ Nc6 10. exd5 Nxd5 11. Nxd5 Qxd5 12. Qxd5 Bxd5 13. O-O-O O-O-O 14. Ne2 Be7 15. Nc3 Be6 16. Bxc6 bxc6 17. Ne4 Rd5 18. b3 Rhd8 19. c4 Rxd1+ 20. Rxd1 Rxd1+ 21. Kxd1 Bf5 22. Bd6 Bxe4 23. Bxe7 Bd3 24. Bxc5 a6 25. Bd4 f6 26. Kd2 Bf1 27. g4 Kd7 28. h4 Ke6 29. Ke3 g5 30. b4 f5 31. hxg5 fxg4 32. Kf4 Bd3 33. Kxg4 Bf1 34. a3 Bd3 35. c5 Bb1 36. Kf4 Bc2 37. Bc3 Bb1 38. Kg3 Kd5 39. Bf6 Bc2 40. Bd8 Bb1 41. Kf4 Ke6 42. a4 Bc2 43. a5 Bb1 44. Bb6 Bc2 45. Kg4 Bf5+ 46. Kh5 Bc2 47. Kh6 Kf7 48. Bc7 Bb1 49. f4 Bc2 50. Be5 Bb1 51. Kh5 Bf5 52. Bc3 Ke6 53. Kh6 Kf7 54. Kh5 Ke6 55. Be5 Kf7 56. b5 cxb5 57. c6 Ke7 58. c7 Kf7 59. Kh4 Ke7 60. Kh5 Kf7 61. Kh4 Ke6 62. Kh5 Kf7 63. Kh6 Kg8 64. Bd6 Kf7 65. Bb4 Kg8 66. Bc3 Kf7 67. c8=Q Bxc8 68. Kxh7 Bf5+ 69. Kh6 Bg6 70. Bb4 Bf5 71. Kh5 Kg7 72. Kh4 Kg6 73. Kg3 Be6 74. Kf3 Kf5 75. Ke3 Ba2 76. Bd2 Bg8 1/2-1/2

[Event "36th German Seniors-ch-65 2024"]
[Site "Bad Wildungen"]
[Date "2024.08.25"]
[Round "2.19"]
[White "Steiger, Michael"]
[Black "Zimmermann, Rolf"]
[Result "0-1"]
[ECO "A36"]
[WhiteElo "1966"]
[BlackElo "2107"]
[Annotator "RC"]
[PlyCount "52"]
[EventDate "2024.08.22"]
[EventType "swiss"]
[EventCountry "GER"]
[SourceTitle "playchess.com"]
[Source "ChessBase"]
[SourceQuality "1"]
[TimeControl "40/5400+30:1800+30"]

1. c4 c5 2. g3 Nc6 3. Bg2 e6 4. Nc3 Nf6 5. e3 d5 6. cxd5 Nxd5 7. Nxd5 exd5 8. d4 cxd4 9. exd4 Bb4+ 10. Bd2 Qe7+ 11. Ne2 Nxd4 12. Bxb4 Qxb4+ 13. Nc3 Qxb2 14. Rc1 Bg4 15. Qd2 Qxd2+ 16. Kxd2 O-O 17. Bxd5 Bf3 18. Bxf3 Nxf3+ 19. Ke3 Ne5 20. Nd5 Nc6 21. Rhd1 Rad8 22. Kf3 f6 23. Kg2 Kf7 24. Kf3 Rd7 25. Ne3 Rfd8 26. Re1 Ne5+ 0-1

[Event "36th German Seniors-ch-65 2024"]
[Site "Bad Wildungen"]
[Date "2024.08.25"]
[Round "2.20"]
[White "Rosen, Willy"]
[Black "Ehlert, Horst"]
[Result "1/2-1/2"]
[ECO "B23"]
[WhiteElo "2091"]
[BlackElo "1951"]
[Annotator "NA RC"]
[PlyCount "135"]
[EventDate "2024.08.22"]
[EventType "swiss"]
[EventCountry "GER"]
[SourceTitle "playchess.com"]
[Source "ChessBase"]
[SourceQuality "1"]
[TimeControl "40/5400+30:1800+30"]

1. e4 c5 2. Nc3 e6 3. f4 d5 4. exd5 exd5 5. Bb5+ Nc6 6. Qe2+ Be7 7. Nf3 Nf6 8. Bxc6+ bxc6 9. d3 O-O 10. O-O Bg4 11. h3 Bxf3 12. Qxf3 Re8 13. Na4 Qa5 14. b3 Nd7 15. Qf2 Bf6 16. Bd2 Qc7 17. c3 d4 18. Rae1 Qd6 19. c4 Qf8 20. Qf3 Rxe1 21. Rxe1 Qd6 22. Bc1 g6 23. Qe4 Rc8 24. Ba3 Bg7 25. g3 Bf8 26. Kg2 Nf6 27. Qe5 Qxe5 28. Rxe5 Nd7 29. Re2 f5 30. g4 Kf7 31. Kg3 Re8 32. Rxe8 Kxe8 33. Bc1 Kf7 34. Bd2 Bd6 35. Kf3 fxg4+ 36. hxg4 h5 37. g5 Ke6 38. Ke4 h4 39. Be1 h3 40. Bg3 Nb8 41. Nb2 Na6 42. a3 Nc7 43. Nd1 Ne8 44. Nf2 Ng7 45. Nxh3 Bc7 46. Ng1 Ba5 47. Bf2 Nf5 48. Ne2 Bd2 49. b4 cxb4 50. axb4 Bxb4 51. Bxd4 a5 52. Be5 Nd4 53. Bxd4 a4 54. Be5 a3 55. d4 Kd7 56. d5 cxd5+ 57. cxd5 Bd2 58. Nc1 Bxc1 59. Kd3 a2 60. f5 Bf4 61. Ba1 gxf5 62. g6 Ke8 63. Kc4 Bd6 64. Kb3 f4 65. Kxa2 f3 66. Bd4 Be5 67. Bc5 Bd6 68. Bf2 1/2-1/2

[Event "36th German Seniors-ch-65 2024"]
[Site "Bad Wildungen"]
[Date "2024.08.25"]
[Round "2.21"]
[White "Steingrobe, Udo"]
[Black "Krueger, Erich"]
[Result "1-0"]
[ECO "E94"]
[WhiteElo "1965"]
[BlackElo "2085"]
[Annotator "NA RC"]
[PlyCount "79"]
[EventDate "2024.08.22"]
[EventType "swiss"]
[EventCountry "GER"]
[SourceTitle "playchess.com"]
[Source "ChessBase"]
[SourceQuality "1"]
[TimeControl "40/5400+30:1800+30"]

1. d4 Nf6 2. c4 g6 3. Nc3 Bg7 4. e4 d6 5. Nf3 O-O 6. Be2 e5 7. O-O Na6 8. Be3 Qe7 9. d5 Ng4 10. Bd2 f5 11. Bg5 Nf6 12. Nh4 Qe8 13. exf5 gxf5 14. g3 Nc5 15. f3 f4 16. b4 Qh5 17. Bxf6 Bxf6 18. bxc5 fxg3 19. hxg3 Bxh4 20. gxh4 Rf4 21. Ne4 Bh3 22. Kf2 Bxf1 23. Qxf1 Kh8 24. Qh3 Raf8 25. Ke3 Rxh4 26. Qe6 Rh2 27. Rf1 Qh6+ 28. Kd3 Qxe6 29. dxe6 Rh6 30. cxd6 Rxe6 31. c5 cxd6 32. cxd6 h5 33. Kc4 h4 34. Kd5 Rh6 35. Rh1 h3 36. Rh2 Rg8 37. Bf1 Re8 38. Rxh3 Rxh3 39. Bxh3 Kg7 40. d7 1-0

[Event "36th German Seniors-ch-65 2024"]
[Site "Bad Wildungen"]
[Date "2024.08.25"]
[Round "3.1"]
[White "Chevelevitch, Evgueni"]
[Black "Krueger, Wolfgang"]
[Result "1/2-1/2"]
[ECO "B32"]
[WhiteElo "2334"]
[BlackElo "2061"]
[Annotator "RC"]
[PlyCount "74"]
[EventDate "2024.08.22"]
[EventType "swiss"]
[EventCountry "GER"]
[SourceTitle "playchess.com"]
[Source "ChessBase"]
[SourceQuality "1"]
[TimeControl "40/5400+30:1800+30"]

1. e4 c5 2. Nf3 Nc6 3. d4 cxd4 4. Nxd4 e5 5. Nb5 a6 6. Nd6+ Bxd6 7. Qxd6 Qf6 8. Qxf6 Nxf6 9. Nc3 Nb4 10. Bd3 h6 11. Bd2 d6 12. Na4 Nxd3+ 13. cxd3 b5 14. Nb6 Rb8 15. Nxc8 Rxc8 16. Ke2 O-O 17. Rhc1 d5 18. f3 dxe4 19. dxe4 Nd7 20. Bc3 Rfe8 21. Rd1 Nb6 22. Bb4 Rc2+ 23. Rd2 Rxd2+ 24. Bxd2 Rc8 25. b3 f6 26. Be3 Rc6 27. Rd1 Kf7 28. Bxb6 Rxb6 29. Rd7+ Kf8 30. g3 Rc6 31. Kd2 b4 32. Rb7 a5 33. Rb5 Rc3 34. Rxa5 Rxf3 35. Ke2 Rc3 36. Kd2 Rf3 37. Ke2 Rc3 1/2-1/2

[Event "36th German Seniors-ch-65 2024"]
[Site "Bad Wildungen"]
[Date "2024.08.25"]
[Round "3.2"]
[White "Klundt, Klaus"]
[Black "Huettemann, Karl-Heinz"]
[Result "1-0"]
[ECO "B80"]
[WhiteElo "2264"]
[BlackElo "2037"]
[Annotator "RC"]
[PlyCount "69"]
[EventDate "2024.08.22"]
[EventType "swiss"]
[EventCountry "GER"]
[SourceTitle "playchess.com"]
[Source "ChessBase"]
[SourceQuality "1"]
[TimeControl "40/5400+30:1800+30"]

1. e4 c5 2. Nf3 e6 3. d4 cxd4 4. Nxd4 Nf6 5. Nc3 d6 6. Be3 a6 7. f3 Qc7 8. g4 Nc6 9. g5 Nd7 10. Qd2 Nde5 11. Be2 Nxd4 12. Bxd4 b5 13. O-O-O Bd7 14. f4 Nc6 15. Be3 Be7 16. h4 g6 17. h5 Rf8 18. hxg6 hxg6 19. Kb1 Rb8 20. Bd3 Na5 21. Bd4 b4 22. Ne2 e5 23. Be3 Bb5 24. f5 Rg8 25. b3 Nc6 26. Bxb5 Rxb5 27. c4 Rb8 28. Rh7 Nd8 29. Ng3 Qc6 30. Qd5 Qxd5 31. exd5 gxf5 32. Nxf5 Kd7 33. Nh6 Rg6 34. Rf1 Bxg5 35. Bxg5 1-0